 Dungeon Crawl Stone Soup version 0.30.0-5-g1a98f26d00 (webtiles) character file.

Game seed: 16682980063599630562

20195 Peloso the Stickfighter (level 12, -3/110 HPs)
             Began as a Minotaur Fighter on May 8, 2023.
             Was a High Priest of Okawaru.
             Slain by a minotaur
             ... wielding the +6 broad axe of the Fray {freeze, rC+}
              (42 damage)
             ... in a Gauntlet.
             The game lasted 00:22:01 (9835 turns).

Peloso the Stickfighter (Minotaur Fighter)          Turns: 9835, Time: 00:22:02

Health: -3/110     AC: 29    Str: 26    XL:     12   Next: 43%
Magic:  12/13      EV: 12    Int:  5    God:    Okawaru [*****.]
Gold:   423        SH:  0    Dex: 15    Spells: 11/11 levels left

rFire   . . .        c - +10 quarterstaff of Gycw {freeze, rN+ Str+2 Dex+3}
rCold   . . .        (shield currently unavailable)
rNeg    + . .        u - +0 plate armour {rPois}
rPois   +            (helmet restricted)
rElec   .            (no cloak)
rCorr   .            z - +0 pair of gloves {Stlth+}
SInv    .            D - +0 pair of boots {Fly}
Will    .....        (no amulet) Stlth
                     g - +4 ring of protection
HPRegen 0.38/turn    J - +4 ring of protection
MPRegen 0.13/turn

%: no teleportation
@: heroic, flying
A: horns 2, retaliatory headbutt
a: Renounce Religion, Heroism, Finesse, Duel


You were in a Gauntlet.
You worshipped Okawaru.
Okawaru was extremely pleased with you.
You visited 2 branches of the dungeon, and saw 12 of its levels.
You also visited: Gauntlet.

You collected 524 gold pieces.
You spent 101 gold pieces at shops.

Inventory:

Hand Weapons
 a - the +6 long sword of Beloved Purpose {heavy, Int+3}
   (You found it in a Gauntlet)

   Int:       It affects your intelligence (+3).
 b - a +5 long sword
 c - the +10 quarterstaff of Gycw (weapon) {freeze, rN+ Str+2 Dex+3}
   (You found it on level 2 of the Dungeon)

   Str:       It affects your strength (+2).
   Dex:       It affects your dexterity (+3).
   rN:        It protects you from negative energy.
 B - a +2 spear of flaming
Armour
 d - a +0 kite shield
 i - the +0 pair of boots "Kaykerang" {*Corrode rElec rF+ Will+++}
   (You found it in a Gauntlet)

   rF:        It protects you from fire.
   rElec:     It insulates you from electricity.
   *Corrode:  It may corrode you when you take damage.
   Will:      It greatly increases your willpower.
 u - a +0 plate armour of poison resistance (worn)
 y - a +4 chain mail of positive energy
 z - a +0 pair of gloves of stealth (worn)
 D - a +0 pair of boots of flying (worn)
Jewellery
 g - a +4 ring of protection (left hand)
 j - a ring of flight
 l - a ring of protection from fire
 q - a ring of resist corrosion
 F - a +6 ring of intelligence
 G - an amulet of magic regeneration
 J - a +4 ring of protection (right hand)
 K - a +6 ring of dexterity
Wands
 s - a wand of flame (53)
 C - a wand of roots (11)
 H - a wand of digging (8)
Scrolls
 f - a scroll of amnesia
 k - 2 scrolls of enchant armour
 m - 2 scrolls of immolation
 n - a scroll of fear
 r - 2 scrolls of teleportation
 t - a scroll of enchant weapon
 w - 3 scrolls of poison
 x - 2 scrolls of fog
Potions
 e - 3 potions of might
 h - a potion of resistance
 o - a potion of haste
 p - 2 potions of mutation
 v - a potion of brilliance
 A - 3 potions of degeneration {unknown}
 E - 5 potions of curing {unknown}
 L - 3 potions of magic {unknown}


   Skills:
 + Level 11.4(16.4) Fighting
 + Level 4.9(9.9) Long Blades
 + Level 15.8(20.8) Staves
 + Level 13.1(18.1) Armour
 + Level 4.8(9.8) Dodging
 + Level 2.6(7.6) Stealth
 + Level 4.7(9.7) Shields
 + Level 2.7 Invocations


You had 11 spell levels left.
You didn't know any spells.
Your spell library contained the following spells:

 Spells                   Type           Power      Damage    Failure   Level
 Kiss of Death            Conj/Necr      0%         2d5       96%         1
 Confusing Touch          Hex            0%         N/A       100%        3
 Frozen Ramparts          Ice            0%         1d1       100%        3
 Volatile Blastmotes      Fire/Tloc      0%         2d10      100%        3
 Dispel Undead            Necr           0%         3d6       100%        4
 Fulminant Prism          Conj/Hex       0%         3d5       100%        4
 Ice Form                 Ice/Tmut       0%         N/A       100%        4
 Iskenderun's Mystic Bla  Conj/Tloc      0%         2d3       100%        4
 Lee's Rapid Deconstruct  Erth           0%         3d4*      100%        5
 Summon Ice Beast         Ice/Summ       Unusable   N/A       N/A         4

Dungeon Overview and Level Annotations

Branches:
Dungeon (11/15)            Temple (1/1) D:5            Lair (0/5) D:10
Gauntlet (1/1)
    Orc: D:9-12

Altars:
Ashenzari
Cheibriados
Dithmenos
Elyvilon
Gozag
Hepliaklqana
Kikubaaqudgha
Makhleb
Nemelex Xobeh
Okawaru
Qazlal
Sif Muna
Trog
Uskayaw
Wu Jian
Yredelemnul
The Shining One

Shops:
D:1 *   D:4 =   D:5 (

Annotations:
Gauntlet 8 transporters


Innate Abilities, Weirdness & Mutations

You have a pair of horns on your head.
You reflexively headbutt those who attack you in melee.


Message History

You start removing your armour.
You continue taking off your +4 chain mail of positive energy. x4
You finish taking off your +4 chain mail of positive energy.
You feel less protected from negative energy.
You start putting on your armour.
You continue putting on your +0 plate armour of poison resistance. x5
You finish putting on your +0 plate armour of poison resistance.
You feel resistant to poison.
You now have 423 gold pieces (gained 16).
You start resting.
HP restored.
There is an open translucent gate, spattered with blood here.
There is a transporter here.
You enter the transporter and appear at another place.
You gain the combat prowess of a mighty hero.
You reach down and open the door.
A minotaur comes into view.
It is wielding the +6 broad axe of the Fray {freeze, rC+}, wearing a +0 chain mail of cold resistance, wearing a +0 tower shield of protection, wearing the ring "Wasuklos" {rPois rF+ rC+ EV+5 Dex-4} and quivering silver javelins.
The minotaur throws a silver javelin.
The silver javelin pierces through you!
Found a bloodstained kite shield and a manual of Fighting.
Found a bardiche and a +4 ring of protection.
Found a gate leading back out of this place.
The minotaur throws a silver javelin.
The silver javelin closely misses you.
There is an open door here.
The minotaur drinks a potion.
The minotaur goes berserk!
The minotaur blocks your attack.
The minotaur hits you with the +6 broad axe of the Fray {freeze, rC+}.
The minotaur freezes you. The minotaur gores you!
You completely miss the minotaur. Your headbutt misses the minotaur.
The minotaur hits you with the +6 broad axe of the Fray {freeze, rC+}!!
The minotaur freezes you. The minotaur barely misses you.
You hit the minotaur but do no damage. You pound the minotaur like an anvil!!!
The minotaur is moderately wounded.
The minotaur hits you with the +6 broad axe of the Fray {freeze, rC+}!
The minotaur freezes you.
The minotaur gores you but does no damage.
You closely miss the minotaur. Your headbutt misses the minotaur.
The minotaur is moderately wounded.
The minotaur hits you with the +6 broad axe of the Fray {freeze, rC+}!!!
You die...

##...©.©.©...#
#.............#
#.#.#######.#.#
#.#....#....#.#
#.#.##.#.##.#.#
#.............#
#.#..##'##..#.
#.#..#8.8#
#....#.@.#
###8.#8H8#
####).[# #8.8#
#=.:# #8∩8#
#####


You could see a minotaur (berserk).

Vanquished Creatures
  Josephine (D:10)
  Erolcha (D:9)
  3 two-headed ogres
  12 death yaks (Gauntlet)
  Pikel (D:6)
  A manticore (D:11)
  A necromancer (Gauntlet)
  A torpor snail (Gauntlet)
  A rime drake (D:10)
  Maggie (D:9)
  A troll (D:10)
  A polar bear (D:10)
  A hornet (D:8)
  Sigmund (D:5)
  A shadow (D:9)
  4 wraiths
  2 wyverns
  6 yaks (D:9)
  A steam dragon (D:6)
  Edmund (D:5)
  An acid dragon (D:10)
  3 water moccasins
  A sky beast (D:7)
  4 ice beasts
  4 orc warriors
  3 black bears
  An ogre (D:6)
  10 centaurs
  A wolf (D:10)
  3 lemures (D:6)
  A bullfrog (D:7)
  A kobold brigand (D:6)
  3 scorpions
  2 gnoll sergeants
  12 wights
  16 killer bees
  6 howler monkeys
  8 orc priests
  3 jellies
  2 hounds
  A sleepcap (D:5)
  Ijyb (D:3)
  Terence (D:2)
  Natasha (twice) (D:4)
  4 iguanas
  6 orc wizards
  5 adders
  16 gnolls
  A worm (D:2)
  2 dart slugs (D:1)
  34 orcs
  8 endoplasms
  6 giant cockroaches
  6 goblins
  8 hobgoblins
  9 jackals
  A quokka (D:2)
  9 ball pythons
  3 bats
  4 frilled lizards
  7 kobolds
  6 rats
267 creatures vanquished.

Notes
Turn   | Place    | Note
-------+----------+-------------------------------------------
     0 | D:1      | Peloso the Minotaur Fighter began the quest for the Orb.
     0 | D:1      | Reached XP level 1. HP: 19/19 MP: 0/0
   146 | D:1      | Reached XP level 2. HP: 22/27 MP: 1/1
   368 | D:1      | Found Fusoublu's Assorted Antiques.
   863 | D:2      | Reached XP level 3. HP: 33/33 MP: 2/2
  1136 | D:2      | Identified the +10 quarterstaff of Gycw {freeze, rN+ Str+2
                  | Dex+3}
  1184 | D:2      | Noticed Terence
  1191 | D:2      | Killed Terence
  1192 | D:2      | Reached skill level 5 in Armour
  1192 | D:2      | Reached XP level 4. HP: 33/40 MP: 3/3
  1447 | D:3      | Noticed Ijyb
  1452 | D:3      | Killed Ijyb
  1779 | D:3      | Reached XP level 5. HP: 46/46 MP: 4/4
  1992 | D:3      | Found a burning altar of Makhleb.
  1992 | D:3      | Noticed a green death
  2300 | D:1      | Bought a purple potion for 23 gold pieces
  2300 | D:1      | Bought a scroll labelled AHULIM SAOCIN for 26 gold pieces
  2300 | D:1      | Bought a scroll labelled DUDDYTE DEUL for 26 gold pieces
  2300 | D:1      | Bought a scroll labelled WIGGIO CEKEDUL for 26 gold pieces
  2476 | D:4      | Noticed a black bear
  2481 | D:4      | Killed a black bear
  2482 | D:4      | Reached skill level 1 in Staves
  2482 | D:4      | Reached XP level 6. HP: 52/53 MP: 5/5
  2599 | D:4      | Found Lysijowa's Jewellery Shoppe.
  2601 | D:4      | You are sucked into a shaft and drop 3 floors!
  2606 | D:7      | Noticed a sky beast
  2619 | D:7      | Reached skill level 2 in Staves
  2620 | D:7      | Killed a sky beast
  2621 | D:7      | Reached skill level 1 in Dodging
  2621 | D:7      | Reached XP level 7. HP: 60/60 MP: 6/6
  2677 | D:5      | Entered Level 5 of the Dungeon
  2684 | D:5      | Reached skill level 3 in Staves
  2835 | D:4      | Noticed Natasha
  2840 | D:4      | Killed Natasha
  2841 | D:4      | Reached skill level 4 in Staves
  2895 | D:4      | Found a shimmering blue altar of Sif Muna.
  3101 | D:4      | Noticed Natasha
  3105 | D:4      | Killed Natasha
  3237 | D:5      | Reached skill level 5 in Fighting
  3237 | D:5      | Reached skill level 5 in Staves
  3322 | D:5      | Reached XP level 8. HP: 47/68 MP: 7/7
  3503 | D:5      | Reached skill level 6 in Staves
  3543 | D:5      | Found a staircase to the Ecumenical Temple.
  3552 | Temple   | Entered the Ecumenical Temple
  3579 | Temple   | Became a worshipper of Warmaster Okawaru
  3612 | D:5      | Found Goibb's Antique Weapon Boutique.
  3707 | D:5      | Noticed Edmund
  3708 | D:5      | Noticed Sigmund
  3714 | D:5      | Killed Edmund
  3715 | D:5      | Reached skill level 7 in Staves
  3724 | D:5      | Killed Sigmund
  3725 | D:5      | Reached skill level 1 in Stealth
  3924 | D:6      | Noticed Pikel
  3941 | D:6      | Killed Pikel
  3941 | D:6      | Reached * piety under Okawaru
  3942 | D:6      | Reached skill level 8 in Staves
  3942 | D:6      | Reached XP level 9. HP: 26/75 MP: 8/8
  4166 | D:6      | Reached skill level 9 in Staves
  4506 | D:6      | Reached ** piety under Okawaru
  4570 | D:6      | Reached skill level 10 in Staves
  4710 | D:6      | Found a hide-covered altar of Uskayaw.
  5261 | D:7      | Reached *** piety under Okawaru
  5262 | D:7      | Reached skill level 11 in Staves
  5593 | D:8      | Paralysed by a hornet for 3 turns
  5736 | D:8      | Reached XP level 10. HP: 69/86 MP: 6/9
  6693 | D:9      | Reached skill level 12 in Staves
  6707 | D:9      | Reached **** piety under Okawaru
  6708 | D:9      | Reached skill level 10 in Armour
  6712 | D:9      | Noticed a two-headed ogre
  6721 | D:9      | Killed a two-headed ogre
  6845 | D:9      | Noticed Erolcha
  7012 | D:9      | Killed Erolcha
  7013 | D:9      | Reached skill level 13 in Staves
  7402 | D:9      | Noticed Maggie
  7412 | D:9      | Killed Maggie
  7428 | D:9      | Found an ornate altar of the Wu Jian Council.
  7567 | D:9      | Found a broken altar of Ashenzari.
  7649 | D:9      | Found a basalt altar of Yredelemnul.
  8018 | D:10     | Entered Level 10 of the Dungeon
  8073 | D:10     | Reached XP level 11. HP: 66/97 MP: 10/10
  8176 | D:10     | Noticed Josephine
  8191 | D:10     | Killed Josephine
  8192 | D:10     | Reached skill level 1 in Invocations
  8237 | D:10     | Noticed a two-headed ogre
  8244 | D:10     | Killed a two-headed ogre
  8245 | D:10     | Reached skill level 14 in Staves
  8365 | D:10     | Found a staircase to the Lair.
  8748 | D:10     | Found a bloodstained altar of Trog.
  8767 | D:10     | Reached ***** piety under Okawaru
  8906 | D:11     | Noticed a two-headed ogre
  8913 | D:11     | Killed a two-headed ogre
  8994 | D:11     | Identified the +0 ring mail "Husir" {Contam Int-5 Dex+7}
  9047 | D:11     | Found a gate leading to a gauntlet.
  9059 | Gauntlet | Entered a Gauntlet
  9059 | Gauntlet | Noticed a death yak
  9059 | Gauntlet | Found a transporter.
  9060 | Gauntlet | Noticed a death yak
  9060 | Gauntlet | Noticed a death yak
  9060 | Gauntlet | Noticed a death yak
  9062 | Gauntlet | Noticed a death yak
  9065 | Gauntlet | Noticed a death yak
  9068 | Gauntlet | Found a transporter.
  9070 | Gauntlet | Found a transporter.
  9071 | Gauntlet | Found a transporter.
  9071 | Gauntlet | Noticed a necromancer
  9074 | Gauntlet | Found a transporter.
  9075 | Gauntlet | Found a transporter.
  9080 | Gauntlet | Noticed a death yak
  9080 | Gauntlet | Noticed a death yak
  9080 | Gauntlet | Noticed a death yak
  9080 | Gauntlet | Noticed a death yak
  9081 | Gauntlet | Noticed a death yak
  9082 | Gauntlet | Noticed a death yak
  9083 | Gauntlet | Found a runed translucent gate.
  9085 | Gauntlet | Found a runed translucent gate.
  9085 | Gauntlet | Found a transporter.
  9086 | Gauntlet | Found a runed translucent gate.
  9101 | Gauntlet | Noticed a death yak
  9102 | Gauntlet | Noticed a death yak
  9102 | Gauntlet | Noticed a death yak
  9105 | Gauntlet | Noticed a death yak
  9110 | Gauntlet | Noticed a quicksilver ooze
  9117 | Gauntlet | Found a transporter.
  9117 | Gauntlet | Found a transporter.
  9120 | Gauntlet | Found a transporter.
  9152 | Gauntlet | Found a transporter.
  9185 | Gauntlet | Found a transporter.
  9301 | Gauntlet | Killed a death yak
  9302 | Gauntlet | Reached skill level 10 in Fighting
  9302 | Gauntlet | Reached skill level 15 in Staves
  9308 | Gauntlet | Killed a death yak
  9318 | Gauntlet | Killed a death yak
  9318 | Gauntlet | Received a gift from Okawaru
  9325 | Gauntlet | Killed a death yak
  9328 | Gauntlet | Killed a death yak
  9329 | Gauntlet | Reached XP level 12. HP: 78/107 MP: 12/12
  9333 | Gauntlet | Killed a death yak
  9368 | Gauntlet | Identified the +6 long sword of Beloved Purpose {heavy,
                  | Int+3}
  9554 | Gauntlet | Identified the +0 pair of boots "Kaykerang" {*Corrode rElec
                  | rF+ Will+++}
  9558 | Gauntlet | Killed a death yak
  9563 | Gauntlet | Killed a death yak
  9592 | Gauntlet | Killed a death yak
  9611 | Gauntlet | Killed a death yak
  9614 | Gauntlet | Killed a death yak
  9620 | Gauntlet | Killed a death yak
  9827 | Gauntlet | Identified the +6 broad axe of the Fray {freeze, rC+}
  9827 | Gauntlet | Identified the ring "Wasuklos" {rPois rF+ rC+ EV+5 Dex-4}
  9827 | Gauntlet | Noticed a minotaur
  9835 | Gauntlet | Slain by a minotaur

Illustrated notes

Levels and vault maps discovered:
D:1:      minmay_arrival_glassed_features, layout_loops_ring, serial_shops, shop
D:2:      layout_rooms, uniq_terence
D:3:      layout_basic, makhleb_altar_promises_db, minmay_misc_feat_columns,
          minmay_misc_feat_x, st_stairs_13, nicolae_figureground_sparkle,
          uniq_ijyb
D:4:      layout_cave_pools, nicolae_sif_muna_little_library, serial_shops,
          nicolae_shop_gaudy_bauble, uniq_natasha
D:5:      layout_basic, minmay_temple_entry_slanted, serial_shops, shop,
          sigmund_edmund_badplayer
D:6:      layout_basic, nicolae_uskayaw_dance_studio, uniq_edmund, uniq_pikel
D:7:      layout_cave_pools, st_stairs_6
D:8:      layout_gridville
D:9:      layout_basic, lemuel_coloured_pillars_altar,
          mainiacjoe_overflow_two_lobes, statue_in_the_mist_lemuel, uniq_maggie,
          uniq_erolcha
D:10:     layout_basic, trog_butcher_becter, hellmonk_lair_entry_icy,
          minmay_misc_feat_rows, uniq_josephine
D:11:     layout_basic, orc_0_dummy, gauntlet_entry_generic
Temple:   eino_wide_crystal_templ
Gauntlet: minmay_gauntlet_mixed_oops_all_seconds
          [minmay_gauntlet_arena_77_double_cross,
          gammafunk_gauntlet_arena_corners, minmay_gauntlet_arena_77_two_lines,
          nicolae_gauntlet_arena_flowing_pool,
          minmay_gauntlet_arena_77_run_for_it, gammafunk_gauntlet_arena_crates,
          nicolae_gauntlet_exit_dead_adventurers]

Skill      XL: |  1  2  3  4  5  6  7  8  9 10 11 12 |
---------------+-------------------------------------+-----
Armour         | 4 5 6 7 8 9 10 12 13 | 13.1
Fighting       | 4 5 6 7 9 10 11 | 11.4
Shields        | 4 |  4.7
Long Blades    | 3 4 |  4.9
Staves         | 1 2 5 8 11 13 15 | 15.8
Dodging        | 1 2 3 4 |  4.8
Stealth        | 1 2 |  2.6
Invocations    | 2 |  2.7

Action                     |  1- 3 |  4- 6 |  7- 9 | 10-12 || total
---------------------------+-------+-------+-------+-------++-------
  Melee: Long sword        |    80 |       |       |       ||    80
         Headbutt          |    16 |     9 |    32 |    57 ||   114
         Quarterstaff      |     5 |    49 |   189 |   294 ||   537
 Invoke: Heroism           |       |       |     2 |    11 ||    13
    Use: Scroll            |       |     7 |     5 |     9 ||    21
         Potion            |       |       |       |     4 ||     4
 Armour: Scale mail        |     4 |       |       |       ||     4
         Plate armour      |    61 |       |       |     1 ||    62
         Chain mail        |       |    37 |   136 |   167 ||   340
  Dodge: Dodged            |    30 |    27 |   117 |   134 ||   308
  Block: Buckler           |    19 |       |       |       ||    19
